 Dungeon Crawl Stone Soup version 0.28.0-53-g5a82cb258f (webtiles) character file.

Game seed: 3765684931721906425

48 DildoBatman the Conjurer (level 4, -11/30 HPs)
             Began as a Formicid Conjurer on May 23, 2022.
             Shot with an arrow by a centaur warrior (19 damage)
             ... on level 8 of the Dungeon.
             The game lasted 00:03:57 (1474 turns).

DildoBatman the Conjurer (Formicid Conjurer)        Turns: 1474, Time: 00:03:58

Health: -11/30     AC:  3    Str: 12    XL:     4   Next: 0%
Magic:  7/7        EV: 16    Int: 17    God:
Gold:   210        SH:  0    Dex: 11    Spells: 4/7 levels left

rFire   . . .      SeeInvis +   a - +0 hunting sling
rCold   . . .      Faith    .   (no shield)
rNeg    . . .      Spirit   .   h - +0 robe
rPois   .          Reflect  .   (helmet unavailable)
rElec   .          Harm     .   (no cloak)
rCorr   .          Rampage  .   (no gloves)
Will    .....                   k - +0 pair of boots
Stlth   ++........              (no amulet)
HPRegen 0.10/turn               c - +4 ring of evasion
MPRegen 0.10/turn               (no ring)

@: no status effects
A: permanent stasis, dig shafts and tunnels, antennae 3, four strong arms
a: Dig, Shaft Self


You were on level 8 of the Dungeon.
You visited 1 branch of the dungeon, and saw 5 of its levels.

You collected 210 gold pieces.

Inventory:

Hand Weapons
 a - a +0 hunting sling (weapon)
 b - a +0 falchion
 e - a +0 short sword
 f - a +0 mace
Missiles
 d - 4 stones (quivered ammo)
 l - 17 sling bullets
 m - 20 bolts
Armour
 h - a +0 robe (worn)
 k - a +0 pair of boots (worn)
Jewellery
 c - a +4 ring of evasion (left hand)
Scrolls
 g - a scroll of fog {unknown}
 i - a scroll of enchant armour {unknown}
 j - a scroll of identify {unknown}
 n - a scroll of teleportation {unknown}
 o - a scroll of summoning {unknown}
Potions
 p - a potion of curing {unknown}
 q - 2 potions of mutation {unknown}


   Skills:
 - Level 1.7 Dodging
 - Level 2.4 Stealth
 - Level 2.1 Spellcasting
 * Level 4.8 Conjurations


You had 4 spell levels left.
You knew the following spells:

 Your Spells              Type           Power      Damage    Failure   Level
a - Searing Ray           Conj           36%        2d5       4%          2
c - Magic Dart            Conj           72%        1d6       2%          1

Your spell library contained the following spells:

 Spells                   Type           Power      Damage    Failure   Level
 Dazzling Flash           Conj/Hex       20%        N/A       22%         3
 Fulminant Prism          Conj/Hex       5%         3d7       56%         4
 Iskenderun's Mystic Bla  Conj/Tloc      10%        2d4       56%         4


Dungeon Overview and Level Annotations

Branches:
Dungeon (3/15)

Altars:

Annotations:
D:2 exclusion: shining eye


Innate Abilities, Weirdness & Mutations

You cannot be hasted, slowed, berserked, paralysed or teleported.
You can dig through walls and to a lower floor.
You have a pair of large antennae on your head. (SInv)
Your four strong arms can wield two-handed weapons with a shield.


Message History

g - Guard the area. f - Follow me.
Anything else - Cancel.
You shout for attention!
You hear a roar! x2
What are your orders? t - Shout!
Orders for allies: a - Attack new target. r - Retreat! s - Stop attacking. g - Guard the area. f - Follow me.
Anything else - Cancel.
You shout for attention!
What are your orders? t - Shout!
Orders for allies: a - Attack new target. r - Retreat! s - Stop attacking. g - Guard the area. f - Follow me.
Anything else - Cancel.
You shout for attention!
You hear a roar! x2
A centaur warrior comes into view.
The centaur warrior wields a +0 shortbow.
The centaur warrior shoots an arrow.
The arrow hits you!!
Ouch! That really hurt!
Fire: 4 stones
Press: ? - help, Q - select action, (/) - cycle Shift-Dir - straight line, f - centaur warrior
Aim: a centaur warrior, wielding a +0 shortbow and quivering arrows (62% to hit)
Okay, then.
Unknown command.
What are your orders? t - Shout!
Orders for allies: a - Attack new target. r - Retreat! s - Stop attacking. g - Guard the area. f - Follow me.
Anything else - Cancel.
You shout for attention!
The centaur warrior shoots an arrow.
The arrow hits you!!
Ouch! That really hurt!
You die...

## # .# #) .#
.. .# #. .#
#..#..##.#
#......@.#
c.###........#
#..#####.# #..
... ###. #. #.


You could see a centaur warrior.

Vanquished Creatures
  3 worms (D:2)
  A dart slug (D:1)
  5 bats
  3 endoplasms
  2 giant cockroaches (D:1)
  4 hobgoblins (D:1)
  3 jackals (D:1)
  A quokka (D:1)
  2 ball pythons (D:1)
  4 frilled lizards (D:1)
  3 goblins
  3 kobolds
  2 rats (D:1)
36 creatures vanquished.

Notes
Turn   | Place    | Note
-------+----------+-------------------------------------------
     0 | D:1      | DildoBatman the Formicid Conjurer began the quest for the
                  | Orb.
     0 | D:1      | Reached XP level 1. HP: 13/13 MP: 3/3
   234 | D:1      | Reached skill level 4 in Conjurations
   234 | D:1      | Reached XP level 2. HP: 9/19 MP: 1/5
   237 | D:1      | Learned a level 2 spell: Searing Ray
   584 | D:1      | Reached XP level 3. HP: 20/24 MP: 3/6
  1001 | D:2      | Noticed a great orb of eyes
  1005 | D:2      | Found a faded altar of an unknown god.
  1006 | D:2      | Noticed a golden eye
  1006 | D:2      | Noticed a great orb of eyes
  1006 | D:2      | Noticed a shining eye
  1444 | D:3      | Reached XP level 4. HP: 30/30 MP: 7/7
  1446 | D:3      | You fall into a shaft and drop 2 floors!
  1446 | D:5      | Entered Level 5 of the Dungeon
  1467 | D:5      | You fall into a shaft and drop 3 floors!
  1473 | D:8      | Noticed a centaur warrior
  1474 | D:8      | Shot with an arrow by a centaur warrior

Illustrated notes

Levels and vault maps discovered:
D:1:      dpeg_arrival_court, layout_basic, serial_curves, eino_curves_02,
          eino_curves_04, eino_curves_02, minivault_25
D:2:      layout_rooms, hellmonk_ecumenical_altar_watching_god
D:3:      layout_basic
D:5:      layout_loops_corners, dk_vineyard_2, patterned_corridor,
          uniq_blork_the_orc, uniq_edmund
D:8:      minmay_the_grid_octo_2x2 [minmay_the_grid_octo_thin_diamonds,
          minmay_the_grid_octo_empty, minmay_the_grid_octo_vomiting_pacman,
          minmay_the_grid_octo_prize_square_snowflake], layout_loops_cross,
          lair_entry_dummy

Skill      XL: |  1 |
---------------+----+-----
Conjurations   | 4 |  4.8
Dodging        | |  1.7
Stealth        | |  2.4
Spellcasting   | |  2.1

Action                   |  1- 3 |  4- 6 || total
-------------------------+-------+-------++-------
Melee: Unarmed           |    33 |       ||    33
       Falchion          |     3 |       ||     3
 Fire: Hunting sling     |    24 |       ||    24
 Cast: Magic Dart        |    50 |       ||    50
       Searing Ray       |     4 |       ||     4
 Abil: Shaft Self        |       |     2 ||     2
 Stab: Sleeping          |     1 |       ||     1
Armor: Robe              |     7 |       ||     7
Dodge: Dodged            |    39 |       ||    39
